AoeStats
← Yorshka

Arabia

508839698Analyzed
1v1 RM · 9d ago on Sep 24, 2026· 51m 2s· 2 players
Game mode
Random Map
Map size
Tiny (2 player)
Population
200
Speed
Normal
Resources
Standard
Victory
Conquest
Starting age
Dark Age
Ending age
Imperial Age
RankedLock teamsTeams togetherTeam positionsShared explorationLock speedFull tech treeHidden civsTurbo modeCheats
Victory
Defeat
🇨🇳 Shu · China
1993
+28
🇩🇪 Poles · Germany
2329
-28
Valle
5:55 Loom
9:32 Feudal Age
9:35 Man-at-Arms
11:18 Horse Collar
13:04 Double-Bit Axe
14:35 Fletching
17:53 Padded Archer Armor
24:07 Castle Age
29:28 Heavy Plow
30:22 Bow Saw
30:48 Stone Mining
31:37 Bodkin Arrow
32:52 Leather Archer Armor
32:29 Elite Skirmisher
34:11 Ballistics
35:44 Wheelbarrow
36:16 Town Watch
39:48 Imperial Age
38:08 Bloodlines
37:58 Husbandry
39:21 Thumb Ring
39:28 Masonry
38:44 Light Cavalry
39:45 Scale Barding Armor
40:35 Hand Cart
41:46 Chemistry
40:48 Bracer
41:15 Conscription
40:46 Winged Hussar
43:17 Lechitic Legacy
43:18 Chain Barding Armor
43:41 Forging
46:48 Iron Casting
50:33 Blast Furnace
Yorshka
6:22 Loom
9:03 Feudal Age
9:33 Man-at-Arms
14:31 Fletching
15:09 Double-Bit Axe
16:07 Horse Collar
21:53 Castle Age
21:35 Padded Archer Armor
21:32 Gold Mining
22:31 Bodkin Arrow
22:26 Elite Skirmisher
23:21 Elite Skirmisher
24:38 Bow Saw
25:31 Scale Barding Armor
26:08 Forging
26:17 Heavy Plow
26:55 Wheelbarrow
28:21 Crossbowman
30:05 Leather Archer Armor
29:53 Town Watch
30:47 Hand Cart
36:02 Imperial Age
34:39 Thumb Ring
35:02 Ballistics
35:05 Chain Barding Armor
34:54 Light Cavalry
35:35 Husbandry
36:19 Squires
37:43 Chemistry
36:48 Bracer
37:52 Two-Man Saw
36:30 Arbalester
37:44 Conscription
38:13 Ring Archer Armor
38:19 Plate Barding Armor
37:07 Heavy Hei Guang Cavalry
40:06 Gold Shaft Mining
39:21 Stone Mining
40:05 Scale Mail Armor
39:52 Arson
40:40 Siege Engineers
41:11 Chain Mail Armor
42:57 Masonry
46:40 Plate Mail Armor
45:57 Gambesons
47:48 Bolt Magazine
48:14 Fortified Wall
47:45 Treadmill Crane
48:42 Architecture
48:48 Guard Tower
50:55 Arrowslits
Connection lost

Rejoining the realm…

Still unreachable

The connection could not be restored.

Session expired

The server has moved on; the page needs a fresh start.